 Dungeon Crawl Stone Soup version 0.30-a0-760-g5a9884bb7c (webtiles) character file.

Game seed: 14966626517388932368

5104 Esekla the Covert (level 10, -1/53 HPs)
             Began as a Vine Stalker Delver on Feb 11, 2023.
             Was an Elder of Vehumet.
             Slain by a vampire mosquito (7 damage)
             ... on level 9 of the Dungeon.
             The game lasted 00:57:24 (8244 turns).

Esekla the Covert (Vine Stalker Delver)             Turns: 8244, Time: 00:57:24

Health: -1/53      AC: 13    Str: 15    XL:     10   Next: 57%
Magic:  0/19       EV: 14    Int: 14    God:    Vehumet [****..]
Gold:   477        SH:  0    Dex: 22    Spells: 5/19 levels left

rFire   . . .      SeeInvis +    r - +2 trident (protect)
rCold   . . .      Faith    .    (no shield)
rNeg    . . .      Spirit   +    N - +0 steam dragon scales
rPois   .          Reflect  .    b - +2 helmet
rElec   +          Harm     .    F - +2 cloak
rCorr   .          Rampage  .    l - +1 pair of gloves of the Five of Pentacles {rElec}
Will    +....                    (no boots)
Stlth   +++++                    (no amulet)
HPRegen 1.08/turn                q - +6 ring of dexterity
MPRegen 0.16/turn                y - ring of see invisible

@: about to teleport, wereblooded, hasted, very quick
A: fangs 3, regeneration 1, magic shield, antimagic bite, no potion heal 2
a: Renounce Religion


You were on level 9 of the Dungeon.
You worshipped Vehumet.
Vehumet was greatly pleased with you.
You visited 2 branches of the dungeon, and saw 10 of its levels.

You collected 477 gold pieces.

Inventory:

Hand Weapons
 a - a +0 scimitar
 r - a +2 trident of protection (weapon)
 s - a +1 dagger of electrocution
Missiles
 p - 9 poisoned darts (quivered)
 A - 7 boomerangs
 L - a throwing net
Armour
 b - a +2 helmet (worn)
 l - the +1 pair of gloves of the Five of Pentacles (worn) {rElec}
   (You found it on level 3 of the Dungeon)

   rElec:     It insulates you from electricity.
 t - a +1 leather armour of willpower
 F - a +2 cloak (worn)
 N - +0 steam dragon scales (worn)
Jewellery
 i - a ring of resist corrosion
 m - the ring of Hiusen {+Blink rElec rF+ rC+ rN+}
   (You found it on level 3 of the Dungeon)

   [ring of protection from fire]

   rF:        It protects you from fire.
   rC:        It protects you from cold.
   rElec:     It insulates you from electricity.
   rN:        It protects you from negative energy.
   +Blink:    It lets you blink.
 q - a +6 ring of dexterity (left hand)
 y - a ring of see invisible (right hand)
 J - a ring of protection from fire
 K - an amulet of reflection
Wands
 g - a wand of digging (2)
 I - a wand of quicksilver (8)
Scrolls
 c - 3 scrolls of fog
 d - a scroll of brand weapon {unknown}
 e - 10 scrolls of identify {unknown}
 j - 3 scrolls of teleportation
 k - 2 scrolls of noise {unknown}
 n - 4 scrolls of magic mapping
 u - 2 scrolls of poison {unknown}
 v - a scroll of silence {unknown}
 z - 4 scrolls of immolation
 D - 2 scrolls of vulnerability {unknown}
 O - a scroll of enchant weapon {unknown}
Potions
 f - 2 potions of haste
 h - 4 potions of curing
 o - 3 potions of lignification {unknown}
 w - 2 potions of degeneration {unknown}
 x - a potion of invisibility {unknown}
 B - a potion of ambrosia {unknown}
 C - a potion of magic {unknown}
 E - 2 potions of attraction {unknown}
 G - 2 potions of flight {unknown}
 H - 2 potions of heal wounds {unknown}
 M - a potion of berserk rage {unknown}


   Skills:
 + Level 6.1 Fighting
 + Level 1.1(3.6) Short Blades
 * Level 5.5(5.6) Long Blades
 + Level 5.1 Polearms
 + Level 2.3 Throwing
 + Level 2.7 Armour
 + Level 3.1 Dodging
 - Level 9.0 Stealth
 * Level 5.4 Spellcasting
 * Level 1.8 Conjurations
 + Level 1.2 Hexes
 + Level 3.8 Translocations
 * Level 1.2 Transmutations
 * Level 1.4 Ice Magic
 * Level 1.3 Air Magic
 * Level 1.9 Poison Magic


You had 5 spell levels left.
You knew the following spells:

 Your Spells              Type           Power      Damage    Failure   Level
b - Blink                 Tloc           28%        N/A       5%          2
c - Mephitic Cloud        Conj/Pois/Air  8%         N/A       7%          3
n - Ignite Poison         Fire/Tmut/Pois 6%         N/A       9%          3
p - Apportation           Tloc           28%        N/A       3%          1
r - Frozen Ramparts       Ice            14%        1d3       8%          3
w - Wereblood             Tmut           7%         N/A       16%         2

Your spell library contained the following spells:

 Spells                   Type           Power      Damage    Failure   Level
 Freeze                   Ice            28%        1d5       2%          1
 Momentum Strike          Conj/Tloc      22%        3d8       2%          2
 Lesser Beckoning         Tloc           28%        N/A       5%          2
 Hailstorm                Conj/Ice       8%         3d4       7%          3
 Beastly Appendage        Tmut           14%        N/A       10%         1
 Stone Arrow              Conj/Erth      12%        3d7       10%         3
 Ensorcelled Hibernation  Hex/Ice        14%        N/A       14%         2
 Necrotise                Necr           12%        1d4       17%         1
 Summon Small Mammal      Summ           12%        N/A       17%         1
 Passwall                 Tmut/Erth      4%         N/A       21%         2
 Spider Form              Tmut/Pois      8%         N/A       26%         3
 Swiftness                Air            7%         N/A       28%         3
 Tukima's Dance           Hex            7%         N/A       30%         3
 Passage of Golubria      Tloc           14%        N/A       34%         4
 Yara's Violent Unravell  Hex/Tmut       3%         3d4       54%         5
 Animate Armour           Summ/Erth      6%         N/A       86%         4
 Malign Gateway           Summ/Tloc      4%         N/A       100%        7
 Lehudib's Crystal Spear  Conj/Erth      3%         10d2      100%        8
 Summon Horrible Things   Summ           1%         N/A       100%        8


Dungeon Overview and Level Annotations

Branches:
Dungeon (9/15)             Temple (1/1) D:5
   Lair: D:8-11         Orc: D:9-12

Altars:
Ashenzari
Elyvilon
Fedhas
Gozag
Kikubaaqudgha
Makhleb
Okawaru
Qazlal
Ru
Trog
Vehumet
Xom
Yredelemnul
Zin
The Shining One

Shops:
D:7 (


Innate Abilities, Weirdness & Mutations

You have razor-sharp teeth.
Your natural rate of healing is unusually fast.
When hurt, damage is shared between your health and your magic reserves.
Your bite disrupts and absorbs the magic of your enemies.
Potions cannot restore your health.


Message History

You kill the killer bee!
Vehumet accepts your kill.
You feel your power returning.
You feel sick.
The wall freezes the orc warrior but does no damage.
The orc warrior barely misses you.
The wall freezes the troll but does no damage.
Casting: Frozen Ramparts (dangerous; 8% risk of failure)
Confirm with . or Enter, or press ? or * to list all spells.
Your frozen ramparts will break if you move.
Continue?
You blink.
The frozen ramparts melt away as you move.
You feel sick.
The orc warrior hits you but does no damage.
Casting: Blink (safe; 5% risk of failure)
Confirm with . or Enter, or press ? or * to list all spells.
You don't have enough magic to cast this spell.
Unknown command.
You feel yourself speed up.
You feel sick.
The orc warrior hits you from afar with a +0 glaive!
* * * LOW HITPOINT WARNING * * *
The troll bites you but does no damage. The troll claws you.
* * * LOW HITPOINT WARNING * * *
The troll claws you.
* * * LOW HITPOINT WARNING * * *
You feel sick.
A vampire mosquito comes into view.
Your magical contamination has completely faded away.
You howl as the wereblood boils in your veins!
You feel sick.
The vampire mosquito buzzes angrily.
As you read the scroll labelled IROIHUS GIURR, it crumbles to dust.
The creatures around you are filled with an inner flame!
It was a scroll of immolation.
The orc warrior barely misses you.
As you read the scroll labelled GOOLI GURCHO, it crumbles to dust.
You feel strangely unstable.
It was a scroll of teleportation.
You feel sick.
You feel stable enough to blink again.
You feel sick.
You are no longer poisoned.
The vampire mosquito bites you!
You die...

#...........###########
###########.# ##[#####
###### #...'..# #O:##.+
#...##.## ##...##..##
##...#..# .#..##....#
#.oT##.##..h##.....#
##...#..#.T##.......
#.@.##.T.##........
##.y.#..##......#..
#...####......##..
##...##......####.
#...#......## #.
##........## ##
#.......## # ##.O...##
# #....##


You could see a two-headed ogre (wandering), a troll (inner flame), an orc
warrior (inner flame) and a vampire mosquito (inner flame).

Vanquished Creatures
  A two-headed ogre (D:5)
  A manticore (D:8)
  Prince Ribbit (D:5)
  Sigmund (D:2)
  A wyvern (D:7)
  A steam dragon (D:8)
  Eustachio (D:4)
  Edmund (D:4)
  A water moccasin (D:6)
  2 orc warriors
  2 sky beasts
  An ogre (D:5)
  3 ice beasts
  A black bear (D:6)
  2 centaurs
  A kobold brigand (D:7)
  3 bullfrogs
  A gnoll sergeant (D:8)
  2 scorpions
  5 wights
  11 killer bees
  A howler monkey (D:9)
  5 hounds
  A jelly (D:7)
  4 orc priests
  2 gnoll boudas (D:7)
  3 iguanas (D:7)
  Terence (D:2)
  6 orc wizards
  4 adders
  18 gnolls
  2 dart slugs
  25 orcs
  9 ball pythons
  8 endoplasms
  4 giant cockroaches
  11 goblins
  4 hobgoblins
  10 jackals
  11 kobolds
  2 quokkas
  7 bats
  6 frilled lizards
  6 rats
193 creatures vanquished.

Vanquished Creatures (others)
  A killer bee (D:9)
1 creature vanquished.

Grand Total: 194 creatures vanquished

Notes
Turn   | Place    | Note
-------+----------+-------------------------------------------
     0 | D:5      | Esekla the Vine Stalker Delver began the quest for the Orb.
     0 | D:5      | Reached XP level 1. HP: 11/11 MP: 2/2
    65 | D:5      | Found a staircase to the Ecumenical Temple.
    76 | Temple   | Entered the Ecumenical Temple
   106 | Temple   | Became a worshipper of Vehumet
   145 | D:5      | Noticed an orc priest
   146 | D:5      | Noticed an orc wizard
   148 | D:5      | Noticed an orc wizard
   185 | Temple   | Killed an orc wizard
   186 | Temple   | Reached XP level 2. HP: 8/16 MP: 2/4
   186 | Temple   | Reached XP level 3. HP: 11/20 MP: 2/5
   457 | Temple   | Reached skill level 1 in Spellcasting
   457 | Temple   | Gained mutation: Your natural rate of healing is unusually
                  | fast. [Vine Stalker growth]
   457 | Temple   | Reached XP level 4. HP: 15/24 MP: 4/6
  1009 | D:5      | Reached XP level 5. HP: 28/28 MP: 6/8
  1098 | D:5      | Reached skill level 1 in Armour
  1261 | D:5      | Noticed an ogre
  1325 | D:4      | Reached XP level 6. HP: 28/33 MP: 7/9
  1367 | D:4      | Found a bloodstained altar of Trog.
  1545 | D:5      | Noticed a two-headed ogre
  1721 | D:3      | Identified the +1 pair of gloves of the Five of Pentacles
                  | {rElec}
  1759 | D:3      | Identified the ring of Hiusen {+Blink rElec rF+ rC+ rN+}
  2225 | D:1      | Reached skill level 7 in Stealth
  2226 | D:1      | Reached * piety under Vehumet
  2226 | D:1      | Offered knowledge of Sandblast by Vehumet.
  2281 | D:1      | Learned a level 2 spell: Blink
  2732 | D:2      | Noticed Terence
  2743 | D:2      | Killed Terence
  2809 | D:2      | Learned a level 1 spell: Apportation
  2834 | D:2      | Noticed Sigmund
  2877 | D:2      | Killed Sigmund
  2878 | D:2      | Reached skill level 1 in Translocations
  2878 | D:2      | Reached XP level 7. HP: 37/37 MP: 11/11
  3006 | D:2      | Reached skill level 1 in Polearms
  3019 | D:2      | Reached ** piety under Vehumet
  3041 | D:2      | Offered knowledge of Freeze by Vehumet.
  3794 | D:3      | Found a white marble altar of Elyvilon.
  3795 | D:3      | Found a sacrificial altar of Ru.
  3892 | D:4      | Noticed Edmund
  3922 | D:4      | Killed Edmund
  3943 | D:4      | Noticed Eustachio
  4258 | D:4      | Killed Eustachio
  4259 | D:4      | Gained mutation: You have razor-sharp teeth. [Vine Stalker
                  | growth]
  4259 | D:4      | Reached XP level 8. HP: 34/42 MP: 11/13
  4850 | D:5      | Killed a two-headed ogre
  4851 | D:5      | Reached skill level 1 in Throwing
  4851 | D:5      | Reached skill level 8 in Stealth
  4893 | D:5      | Reached skill level 5 in Fighting
  4917 | D:5      | Reached XP level 9. HP: 47/47 MP: 15/15
  5180 | D:5      | Noticed Prince Ribbit
  5202 | D:5      | Killed Prince Ribbit
  5422 | D:6      | Found a stormy altar of Qazlal.
  5422 | D:6      | Found an iron altar of Okawaru.
  5423 | D:6      | Found a shimmering altar of Xom.
  5674 | D:6      | Found a broken altar of Ashenzari.
  6021 | D:6      | Offered knowledge of Inner Flame by Vehumet.
  6152 | D:7      | Reached *** piety under Vehumet
  6228 | D:7      | Found Rumunucusu's Weapon Shoppe.
  6438 | D:7      | Reached skill level 5 in Long Blades
  6665 | D:7      | Reached skill level 9 in Stealth
  6892 | D:7      | Reached skill level 1 in Hexes
  6892 | D:7      | Offered knowledge of Mephitic Cloud by Vehumet.
  6900 | D:7      | Learned a level 3 spell: Mephitic Cloud
  6918 | D:7      | Reached XP level 10. HP: 53/53 MP: 18/18
  6938 | D:8      | Noticed a manticore
  6982 | D:8      | Killed a manticore
  6983 | D:8      | Reached skill level 5 in Spellcasting
  7051 | D:8      | Reached skill level 1 in Air Magic
  7083 | D:8      | Learned a level 2 spell: Wereblood
  7216 | D:8      | Learned a level 3 spell: Frozen Ramparts
  7382 | D:8      | Reached skill level 1 in Conjurations
  7415 | D:8      | Reached skill level 1 in Poison Magic
  7491 | D:8      | Reached **** piety under Vehumet
  7492 | D:8      | Reached skill level 5 in Polearms
  7744 | D:8      | Reached skill level 1 in Ice Magic
  7939 | D:9      | Noticed a two-headed ogre
  7957 | D:9      | Reached skill level 1 in Transmutations
  7982 | D:9      | Offered knowledge of Ignite Poison by Vehumet.
  8172 | D:8      | Learned a level 3 spell: Ignite Poison
  8223 | D:9      | Reached skill level 1 in Short Blades
  8244 | D:9      | Slain by a vampire mosquito

Illustrated notes

Levels and vault maps discovered:
D:1:      scummos_arrival_forest, layout_rooms, chequers_serial_rivers_micro_e,
          due_unseen_surprise
D:2:      minmay_diamond_boxcup, layout_loops_corners, uniq_terence,
          uniq_sigmund
D:3:      layout_rooms, gammafunk_temple_overflow_statue
D:4:      layout_loops_ring, trog_book, uniq_edmund, uniq_eustachio
D:5:      layout_basic, minmay_temple_entry_trees, bh_walls_and_bars,
          uniq_prince_ribbit1
D:6:      layout_loops_ring, mainiacjoe_overflow_24_doors,
          gammafunk_temple_overflow_claw, minmay_splitting_lines
D:7:      layout_loops_cross, serial_shops, shop_statue, st_stairs_13
D:8:      layout_rooms
D:9:      minmay_razor_zed, layout_basic
Temple:   nicolae_temple_superstar

Skill      XL: |  1  2  3  4  5  6  7  8  9 10 |
---------------+-------------------------------+-----
Long Blades    | 2 3 4 5 |  5.5
Fighting       | 3 4 5 6 |  6.1
Spellcasting   | 1 2 3 4 5 |  5.4
Armour         | 1 2 |  2.7
Dodging        | 2 3 |  3.1
Stealth        | 7 8 9 |  9.0
Translocations | 1 2 3 |  3.8
Polearms       | 2 3 4 5 |  5.1
Throwing       | 1 2 |  2.3
Hexes          | 1 |  1.2
Air Magic      | 1 |  1.3
Conjurations   | 1 |  1.8
Poison Magic   | 1 |  1.9
Ice Magic      | 1 |  1.4
Transmutations | 1 |  1.2
Short Blades   | 1 |  1.1

Action                     |  1- 3 |  4- 6 |  7- 9 | 10-12 || total
---------------------------+-------+-------+-------+-------++-------
  Melee: Falchion          |    29 |   152 |     5 |       ||   186
         Bite              |     6 |    54 |    61 |    43 ||   164
         Punch             |     1 |     3 |     4 |       ||     8
         Trident           |       |    17 |   228 |   132 ||   377
         Dagger            |       |    14 |    24 |    10 ||    48
         Scimitar          |       |       |       |     2 ||     2
  Throw: Dart              |       |     2 |    12 |     9 ||    23
         Throwing net      |       |       |       |     2 ||     2
         Boomerang         |       |       |       |     2 ||     2
   Cast: Apportation       |       |       |     2 |       ||     2
         Mephitic Cloud    |       |       |     1 |     4 ||     5
         Wereblood         |       |       |       |     5 ||     5
         Frozen Ramparts   |       |       |       |     2 ||     2
         Blink             |       |       |       |     1 ||     1
  Evoke: Wand              |       |     1 |       |       ||     1
    Use: Scroll            |     1 |     1 |       |     2 ||     4
         Potion            |       |       |       |     2 ||     2
   Stab: Sleeping          |       |    11 |    22 |     3 ||    36
         Distracted        |       |       |     2 |       ||     2
         Confused          |       |       |       |     4 ||     4
         Held in net/web   |       |       |       |     1 ||     1
 Armour: Leather armour    |     4 |    37 |   116 |    43 ||   200
         Steam dragon scal |       |       |       |    38 ||    38
  Dodge: Dodged            |    13 |   122 |   169 |   113 ||   417

Table legend: (Time is in decaauts)
 A = Elapsed time spent in this place.
 B = Non-inter-level travel time spent in this place.
 C = Inter-level travel time spent in this place.
 D = Time resting spent in this place.
 E = Time spent auto-exploring this place.
 F = Levels seen in this place.
 G = Mean time per level.
                   A        B        C        D        E       F      G
               +--------+--------+--------+--------+--------+-----+--------+
         Total |   8297 |   8063 |    234 |   1330 |   2430 |  10 |  829.7 |
       Dungeon |   7451 |   7217 |    234 |    655 |   2430 |   9 |  827.9 |
        Temple |    846 |    846 |      0 |    675 |      0 |   1 |  846.0 |
               +--------+--------+--------+--------+--------+-----+--------+

Top non-repeatable levels by time:
     D:2: 1124 daAuts
     D:7: 1124 daAuts
     D:5: 1065 daAuts
     D:4: 939 daAuts
  Temple: 846 daAuts
     D:3: 805 daAuts
     D:6: 749 daAuts
     D:8: 691 daAuts
     D:1: 541 daAuts
     D:9: 409 daAuts
